[Event "European Womens-ch 2025"]
[Site "Rhodes"]
[Date "2025.04.01"]
[Round "2.38"]
[White "Donghvani, Nia"]
[Black "Sieber, Fiona"]
[Result "0-1"]
[Annotator "RC"]
[ECO "E53"]
[WhiteElo "2025"]
[BlackElo "2276"]
[PlyCount "166"]
[EventDate "2025.03.29"]
[EventType "swiss"]
[EventCountry "GRE"]
[SourceTitle "playchess.com"]
[Source "ChessBase"]
[SourceQuality "1"]
[TimeControl "40/5400+30:1800+30"]

1. d4 Nf6 2. c4 e6 3. Nf3 d5 4. Nc3 Bb4 5. e3 O-O 6. a3 Bxc3+ 7. bxc3 b6 8. Bd3 Ba6 9. cxd5 Qxd5 10. O-O c5 11. Bxa6 Nxa6 12. Qe2 Qb7 13. c4 Rac8 14. Bb2 Rfd8 15. Rfe1 Nb8 16. Rac1 Qe7 17. Red1 Nc6 18. h3 Na5 19. Ne5 Nd7 20. Nf3 Nf6 21. Ne5 Nc6 22. Ng4 Nxg4 23. Qxg4 Qf6 24. Bc3 cxd4 25. exd4 Qg6 26. Qxg6 hxg6 27. d5 exd5 28. cxd5 Ne7 29. d6 Nf5 30. d7 Rc7 31. g4 Ne7 32. Bb4 Rxc1 33. Rxc1 Rxd7 34. Bxe7 Rxe7 35. Rc8+ Kh7 36. Kg2 g5 37. Kg3 Rd7 38. Rc3 Rd4 39. f3 Kg6 40. h4 gxh4+ 41. Kxh4 Ra4 42. Kg3 Kf6 43. f4 Ke6 44. Rd3 Ra5 45. Kf3 Rd5 46. Rc3 Kd6 47. Ke4 Ra5 48. Rd3+ Ke6 49. Kf3 f6 50. Re3+ Kd6 51. Ke4 g6 52. Rd3+ Ke6 53. Kf3 Ra4 54. Re3+ Kd5 55. Kg3 g5 56. f5 Re4 57. Rd3+ Rd4 58. Re3 Kc5 59. Kf3 b5 60. Re6 Rd6 61. Re3 a5 62. Rc3+ Kd4 63. Rc8 b4 64. axb4 axb4 65. Ke2 Rb6 66. Kd2 b3 67. Kc1 b2+ 68. Kb1 Ke4 69. Rc4+ Kf3 70. Ra4 Kg3 71. Rc4 Rb3 72. Rd4 Rf3 73. Kxb2 Rf4 74. Rd6 Kxg4 75. Rxf6 Rxf5 76. Rg6 Kf3 77. Kc2 g4 78. Kd2 g3 79. Ke1 g2 80. Rg7 Re5+ 81. Kd2 Re4 82. Kd1 Rg4 83. Rf7+ Kg3 0-1

[Event "European Womens-ch 2025"]
[Site "Rhodes"]
[Date "2025.04.01"]
[Round "2.39"]
[White "Krasteva, Beloslava"]
[Black "Szente Varga, Fruzsina"]
[Result "1-0"]
[Annotator "RC"]
[ECO "E73"]
[WhiteElo "2257"]
[BlackElo "2083"]
[PlyCount "85"]
[EventDate "2025.03.29"]
[EventType "swiss"]
[EventCountry "GRE"]
[SourceTitle "playchess.com"]
[Source "ChessBase"]
[SourceQuality "1"]
[TimeControl "40/5400+30:1800+30"]

1. d4 Nf6 2. c4 g6 3. Nc3 Bg7 4. e4 d6 5. Be2 O-O 6. Be3 e5 7. d5 a5 8. h4 h5 9. f3 Na6 10. Qd2 Bd7 11. O-O-O Nc5 12. Nh3 Na4 13. Ng5 Nxc3 14. Qxc3 Qb8 15. Kb1 c6 16. dxc6 bxc6 17. Qa3 d5 18. cxd5 cxd5 19. exd5 Bf5+ 20. Bd3 Bxd3+ 21. Rxd3 Rd8 22. Rhd1 Qb7 23. Ne4 Nxe4 24. fxe4 a4 25. R3d2 Rdc8 26. Qd3 a3 27. b3 Qb4 28. Rc2 Rxc2 29. Qxc2 Bf8 30. Qc4 Qb7 31. Qc6 Qb4 32. Qc4 Qb7 33. Rc1 Ra6 34. Qc8 Qb4 35. Qc4 Qb7 36. Qc8 Qxc8 37. Rxc8 Kg7 38. Rc6 Ra8 39. Bg5 f5 40. d6 Kf7 41. d7 Be7 42. Bxe7 Kxe7 43. Rc8 1-0

[Event "European Womens-ch 2025"]
[Site "Rhodes"]
[Date "2025.04.01"]
[Round "2.40"]
[White "Calzetta Ruiz, Monica"]
[Black "Tirpan, Ceren"]
[Result "1-0"]
[Annotator "RC"]
[ECO "B41"]
[WhiteElo "2230"]
[BlackElo "1996"]
[PlyCount "83"]
[EventDate "2025.03.29"]
[EventType "swiss"]
[EventCountry "GRE"]
[SourceTitle "playchess.com"]
[Source "ChessBase"]
[SourceQuality "1"]
[TimeControl "40/5400+30:1800+30"]

1. e4 c5 2. Nf3 e6 3. d4 cxd4 4. Nxd4 a6 5. c4 Nf6 6. Nc3 Bb4 7. Qd3 O-O 8. e5 Ne8 9. Bf4 d6 10. exd6 Bxd6 11. Nf3 Qe7 12. Bxd6 Nxd6 13. O-O-O Nf5 14. g4 Nh4 15. Nxh4 Qxh4 16. Qg3 Qg5+ 17. f4 Qa5 18. Bd3 b5 19. Qh4 f5 20. gxf5 exf5 21. Rhg1 Ra7 22. Nd5 Qd8 23. Qxd8 Rxd8 24. Bxf5 Bxf5 25. Nf6+ Kf7 26. Rxd8 gxf6 27. Rxb8 Rc7 28. b3 bxc4 29. b4 c3 30. b5 axb5 31. Rxb5 Be4 32. f5 Ra7 33. Rg4 Bd3 34. Rd5 Be2 35. Rgd4 Rxa2 36. Rd7+ Kg8 37. Rc7 Ra8 38. Rxc3 Bh5 39. Rc7 Ra1+ 40. Kb2 Re1 41. Rdd7 Re2+ 42. Kc3 1-0

[Event "European Womens-ch 2025"]
[Site "Rhodes"]
[Date "2025.04.01"]
[Round "2.41"]
[White "Harutyunyan, Gabriela"]
[Black "Sandu, Mihaela"]
[Result "0-1"]
[Annotator "RC"]
[ECO "C85"]
[WhiteElo "1793"]
[BlackElo "2230"]
[PlyCount "120"]
[EventDate "2025.03.29"]
[EventType "swiss"]
[EventCountry "GRE"]
[SourceTitle "playchess.com"]
[Source "ChessBase"]
[SourceQuality "1"]
[TimeControl "40/5400+30:1800+30"]

1. e4 e5 2. Nf3 Nc6 3. Bb5 a6 4. Ba4 Nf6 5. O-O Be7 6. Bxc6 dxc6 7. d3 Nd7 8. Nbd2 f6 9. Nh4 g6 10. Nc4 Nc5 11. Bh6 Be6 12. Ne3 Bf7 13. Nf3 Qd7 14. a4 a5 15. Qd2 b6 16. h3 Be6 17. Qe2 Bxh3 18. Nxe5 fxe5 19. gxh3 Ne6 20. Qg4 O-O-O 21. Nc4 Bf6 22. b4 g5 23. Qf5 Nd4 24. Qxf6 Qxh3 25. f3 Qg3+ 26. Kh1 Qh3+ 27. Kg1 Ne2+ 28. Kf2 Qh2+ 29. Ke3 Nd4 30. Rf2 Nxc2+ 31. Ke2 Nd4+ 32. Ke3 Qf4+ 33. Qxf4 exf4+ 34. Kd2 Nb3+ 35. Kc3 Nxa1 36. bxa5 Rhg8 37. Ne5 Rd6 38. Ng4 b5 39. axb5 cxb5 40. Kb2 Rxd3 41. Kxa1 Ra3+ 42. Kb2 Rxa5 43. e5 Ra6 44. Nf6 Rg6 45. Rh2 Re6 46. Ng4 Re8 47. Rh5 Rd8 48. Bxg5 Rd3 49. Nf6 Rxf3 50. Nd5 Kb7 51. Nxf4 Rxg5 52. Rxg5 Rxf4 53. e6 c6 54. Rg7+ Kb6 55. Rxh7 Re4 56. e7 Kc5 57. Rh5+ Kd6 58. Rh6+ Kd7 59. Kc3 Rxe7 60. Kd4 Kc7 0-1

[Event "European Womens-ch 2025"]
[Site "Rhodes"]
[Date "2025.04.01"]
[Round "2.42"]
[White "Nahapetyan, Ani"]
[Black "Lach, Aleksandra"]
[Result "0-1"]
[Annotator "RC"]
[ECO "C10"]
[WhiteElo "1887"]
[BlackElo "2208"]
[PlyCount "68"]
[EventDate "2025.03.29"]
[EventType "swiss"]
[EventCountry "GRE"]
[SourceTitle "playchess.com"]
[Source "ChessBase"]
[SourceQuality "1"]
[TimeControl "40/5400+30:1800+30"]

1. e4 e6 2. d4 d5 3. Nc3 dxe4 4. Nxe4 Bd7 5. Bd3 Bc6 6. Nf3 Nd7 7. c3 Ngf6 8. Nxf6+ Nxf6 9. O-O Bxf3 10. Qxf3 c6 11. Re1 Qd5 12. Qg3 Bd6 13. Qh4 Qh5 14. Qxh5 Nxh5 15. g3 O-O-O 16. b4 Rhe8 17. f4 Nf6 18. a3 h5 19. h4 Bc7 20. Kg2 Nd5 21. Bb2 a6 22. Re2 b5 23. Rae1 g6 24. f5 gxf5 25. Kf3 Rg8 26. Rg2 f4 27. a4 fxg3 28. Bf1 Rg4 29. axb5 axb5 30. c4 Rf4+ 31. Ke2 bxc4 32. Kd2 Rxh4 33. Bxc4 Nf4 34. Rxg3 Rh2+ 0-1

[Event "European Womens-ch 2025"]
[Site "Rhodes"]
[Date "2025.04.01"]
[Round "2.43"]
[White "Injac, Teodora"]
[Black "Silva, Ana Ines Teixeira Da"]
[Result "1-0"]
[Annotator "TA"]
[ECO "A17"]
[WhiteElo "2454"]
[BlackElo "1893"]
[PlyCount "53"]
[EventDate "2025.03.29"]
[EventType "swiss"]
[EventCountry "GRE"]
[SourceTitle "playchess.com"]
[Source "ChessBase"]
[SourceQuality "1"]
[TimeControl "40/5400+30:1800+30"]

1. c4 e6 2. Nc3 d5 3. e3 Nf6 4. Nf3 a6 5. b3 Bd6 6. Bb2 {[%emt 0:00:42] A17: English Opening: 1...Nf6 with ...Bb4.} Nbd7 7. Qc2 O-O 8. Rg1 {[%emt 0:22:40] The position is equal.} dxc4 9. bxc4 e5 (9... b5 $11) 10. g4 $1 $14 {[%emt 0:00:04][%cal Bg2g4,Bg4g5][%mdl 32] White is more active.} Re8 $146 (10... Nc5 11. g5 Nfd7 12. O-O-O b5 13. d4 exd4 14. exd4 Bf4+ 15. Kb1 Bb7 16. dxc5 Bxf3 {1-0 Bommini,M (2165)-Beukes,D (2246) Chesterfield SPICE Cup op 18th 2024 (8)}) 11. g5 Nh5 12. Be2 g6 13. O-O-O b5 14. d4 $18 bxc4 {[%emt 0:09:00][%csl Oa6,Oc4,Oc7] Black has weak pawns} (14... b4 $142) 15. dxe5 ({Not} 15. Bxc4 Rb8 $14) 15... Bc5 (15... Nxe5 16. Nxe5 Rxe5 17. Bxh5 (17. Bxc4 Bf5 $14) 17... gxh5) 16. Bxc4 Bb7 17. Ne4 Bxe4 18. Qxe4 Qe7 {[%emt 0:00:30] [#]} 19. e6 $1 fxe6 {[%emt 0:01:01] [#]} 20. Rxd7 $1 Qxd7 21. Qe5 {[%emt 0:00:02] Threatening mate with Qh8+. Against Qf7} Bxe3+ (21... Ng7 $142 22. Qxc5 Qd6) 22. fxe3 Ng7 {[%emt 0:00:26] Black is weak on the dark squares} 23. Rd1 Qf7 24. Nd4 {[%emt 0:00:40][%cal Od4e6] Threatens to win with Nxe6!.} Rab8 25. Rf1 Qd7 {[%emt 0:00:44] [#]} 26. Nxe6 $1 Rxe6 (26... Rb4 27. Bd5) 27. Bxe6+ {[%emt 0:00:08] Black did not feel at home in the position after the opening.   Weighted Error Value: White=0.13 (very precise) /Black=0.91  Mistake:       	---       	Black=5      Inaccurate:     	---       	Black=1      OK:         	White=5     	Black=4      Best:        	White=2     	Black=4      Strong:       	White=1     	---        Brilliant:      	White=1     	---} 1-0

[Event "European Womens-ch 2025"]
[Site "Rhodes"]
[Date "2025.04.01"]
[Round "2.44"]
[White "Kulon, Klaudia"]
[Black "Shuqja, Klean"]
[Result "1-0"]
[Annotator "RC"]
[ECO "B21"]
[WhiteElo "2401"]
[BlackElo "2049"]
[PlyCount "71"]
[EventDate "2025.03.29"]
[EventType "swiss"]
[EventCountry "GRE"]
[SourceTitle "playchess.com"]
[Source "ChessBase"]
[SourceQuality "1"]
[TimeControl "40/5400+30:1800+30"]

1. e4 c5 2. d4 cxd4 3. Qxd4 Nc6 4. Qd3 e5 5. Nc3 d6 6. Nf3 h6 7. Be3 Be6 8. O-O-O Nf6 9. Nd5 Bxd5 10. exd5 Nb8 11. Qb3 Qc7 12. g4 Nbd7 13. Rg1 Ne4 14. Bb5 a6 15. Bb6 Qc8 16. Ba4 Be7 17. Qe3 Ng5 18. Nh4 Qc4 19. b3 Qb4 20. c3 Qe4 21. Qg3 Bd8 22. Nf5 O-O 23. Bxd8 Raxd8 24. Nxd6 Qe2 25. Rd2 Qf3 26. Nxb7 Rc8 27. Bxd7 Rxc3+ 28. Kb2 Rc7 29. Bc6 Qxg3 30. Rxg3 Ne4 31. Rc2 Nxg3 32. hxg3 Rb8 33. d6 Rcxb7 34. Bxb7 Rxb7 35. Rc7 Rb8 36. d7 1-0

[Event "European Womens-ch 2025"]
[Site "Rhodes"]
[Date "2025.04.01"]
[Round "2.45"]
[White "Zhukova, Natalia"]
[Black "Mihaljevic, Eva"]
[Result "1-0"]
[Annotator "RC"]
[ECO "A13"]
[WhiteElo "2306"]
[BlackElo "2039"]
[PlyCount "105"]
[EventDate "2025.03.29"]
[EventType "swiss"]
[EventCountry "GRE"]
[SourceTitle "playchess.com"]
[Source "ChessBase"]
[SourceQuality "1"]
[TimeControl "40/5400+30:1800+30"]

1. Nf3 d5 2. e3 Nf6 3. c4 e6 4. Nc3 Be7 5. b3 O-O 6. Bb2 b6 7. cxd5 exd5 8. Be2 Bb7 9. O-O Nbd7 10. Rc1 c5 11. d4 Re8 12. Bd3 Bf8 13. Qe2 Ne4 14. Rfd1 Qe7 15. Ba6 Ndf6 16. Bxb7 Qxb7 17. dxc5 bxc5 18. Nxe4 Nxe4 19. Nd2 d4 20. Nc4 Nd6 21. Nxd6 Bxd6 22. Qf3 Qxf3 23. gxf3 Bf8 24. exd4 Re2 25. Ba1 cxd4 26. a4 Rb8 27. Bxd4 a5 28. Ba7 Rbe8 29. Rd5 Bb4 30. Bc5 Bd2 31. Rc2 Re1+ 32. Kg2 Bf4 33. Rc4 g5 34. Bd4 Rb1 35. Rb5 h6 36. Bc3 Re2 37. Rc8+ Kh7 38. Rh8+ Kg6 39. Rb6+ Re6 40. Rg8+ Kf5 41. Rb5+ Be5 42. Ra8 f6 43. Raxa5 Kg6 44. Bxe5 fxe5 45. Rb4 Kf5 46. Rab5 Rc6 47. Re4 Rc2 48. Rexe5+ Kf6 49. f4 Rbb2 50. fxg5+ hxg5 51. Rf5+ Ke6 52. Rbe5+ Kd6 53. Re3 1-0

[Event "European Womens-ch 2025"]
[Site "Rhodes"]
[Date "2025.04.01"]
[Round "2.46"]
[White "Kochavi, Dana"]
[Black "Caku, Kler"]
[Result "1-0"]
[Annotator "RC"]
[ECO "C97"]
[WhiteElo "2301"]
[BlackElo "2036"]
[PlyCount "75"]
[EventDate "2025.03.29"]
[EventType "swiss"]
[EventCountry "GRE"]
[SourceTitle "playchess.com"]
[Source "ChessBase"]
[SourceQuality "1"]
[TimeControl "40/5400+30:1800+30"]

1. e4 e5 2. Nf3 Nc6 3. Bb5 a6 4. Ba4 Nf6 5. O-O b5 6. Bb3 Be7 7. Re1 d6 8. c3 O-O 9. h3 Na5 10. Bc2 c5 11. d4 Qc7 12. d5 Nd7 13. b3 Nb6 14. Nbd2 f5 15. exf5 Nxd5 16. Ne4 Qc6 17. Ng3 Nf6 18. Bd2 Qc7 19. Ng5 Nc6 20. a4 bxa4 21. Rxa4 Nd8 22. Qe2 h6 23. N5e4 d5 24. Nxf6+ Bxf6 25. Rg4 Kh8 26. Rg6 e4 27. c4 Bd4 28. Qh5 Nf7 29. cxd5 Kg8 30. f6 Bxf6 31. Nxe4 Bd4 32. Nf6+ Bxf6 33. Rxf6 Nd6 34. Rxf8+ Kxf8 35. Re3 Bb7 36. Rf3+ Kg8 37. Qg6 Nf7 38. Bxh6 1-0

[Event "European Womens-ch 2025"]
[Site "Rhodes"]
[Date "2025.04.01"]
[Round "2.47"]
[White "Zvereva, Marija"]
[Black "Schippke, Manon"]
[Result "1-0"]
[Annotator "RC"]
[ECO "A13"]
[WhiteElo "2033"]
[BlackElo "2247"]
[PlyCount "71"]
[EventDate "2025.03.29"]
[EventType "swiss"]
[EventCountry "GRE"]
[SourceTitle "playchess.com"]
[Source "ChessBase"]
[SourceQuality "1"]
[TimeControl "40/5400+30:1800+30"]

1. c4 e6 2. Nf3 d5 3. b3 d4 4. Bb2 Nc6 5. e3 e5 6. a3 a5 7. exd4 exd4 8. d3 Bg4 9. h3 Be6 10. Be2 h6 11. Nbd2 Nf6 12. Ne4 Nh7 13. O-O Be7 14. b4 f5 15. Ng3 Bf6 16. Nh5 Ng5 17. b5 Nxf3+ 18. Bxf3 Ne5 19. Nxf6+ Qxf6 20. Bxb7 Rb8 21. Bf3 O-O 22. Rb1 f4 23. Re1 Bf5 24. Bd5+ Nf7 25. Qd2 f3 26. Bxf3 Bxh3 27. Bd5 Qg6 28. Bxd4 Kh8 29. Re7 Rbd8 30. f3 Bf5 31. Rbe1 h5 32. Rxc7 Rd7 33. Rxd7 Bxd7 34. Re7 Bf5 35. b6 Bxd3 36. Rxf7 1-0

[Event "European Womens-ch 2025"]
[Site "Rhodes"]
[Date "2025.04.01"]
[Round "2.48"]
[White "Khurtsilava, Inga"]
[Black "Subramanian, Anusha"]
[Result "1/2-1/2"]
[Annotator "RC"]
[ECO "A47"]
[WhiteElo "2214"]
[BlackElo "2026"]
[PlyCount "88"]
[EventDate "2025.03.29"]
[EventType "swiss"]
[EventCountry "GRE"]
[SourceTitle "playchess.com"]
[Source "ChessBase"]
[SourceQuality "1"]
[TimeControl "40/5400+30:1800+30"]

1. d4 Nf6 2. Nf3 b6 3. e3 Bb7 4. Bd3 c5 5. Nbd2 e6 6. O-O Be7 7. b3 O-O 8. Bb2 cxd4 9. exd4 d6 10. a3 Nbd7 11. Re1 Re8 12. c4 Rc8 13. Rc1 Rc7 14. Ne4 Qa8 15. Qe2 Rec8 16. Neg5 Nf8 17. Rcd1 h6 18. Nh3 Bxf3 19. gxf3 d5 20. f4 Bd6 21. f3 Nh5 22. Bc1 dxc4 23. bxc4 Re7 24. Qg2 f5 25. Kh1 Qb8 26. d5 Bxf4 27. Bxf5 Rxc4 28. Bxf4 Nxf4 29. Nxf4 Qxf4 30. Bxe6+ Nxe6 31. dxe6 Qf6 32. Qe2 Rc8 33. Rd7 Rce8 34. Rxe7 Rxe7 35. Qe4 g6 36. a4 Kg7 37. Kg2 Qg5+ 38. Kf1 Qf5 39. Qd4+ Qf6 40. Qd5 Qf4 41. Re2 Qc1+ 42. Re1 Qf4 43. Re2 Qc1+ 44. Re1 Qf4 1/2-1/2

[Event "European Womens-ch 2025"]
[Site "Rhodes"]
[Date "2025.04.01"]
[Round "2.49"]
[White "Schloffer, Jasmin-Denise"]
[Black "Hariharan, Shambavi"]
[Result "1/2-1/2"]
[Annotator "RC"]
[ECO "D38"]
[WhiteElo "2188"]
[BlackElo "2024"]
[PlyCount "56"]
[EventDate "2025.03.29"]
[EventType "swiss"]
[EventCountry "GRE"]
[SourceTitle "playchess.com"]
[Source "ChessBase"]
[SourceQuality "1"]
[TimeControl "40/5400+30:1800+30"]

1. d4 d5 2. c4 e6 3. Nc3 Nf6 4. Nf3 Bb4 5. cxd5 exd5 6. Bg5 h6 7. Bh4 O-O 8. e3 Bf5 9. Be2 Nbd7 10. Qb3 c5 11. O-O Bxc3 12. Qxc3 Rc8 13. dxc5 Rxc5 14. Qb3 b6 15. Nd4 Bg6 16. Bd3 Ne5 17. Bxg6 Nxg6 18. Bg3 Ne4 19. Nf3 Qf6 20. Rad1 Nxg3 21. hxg3 Rfc8 22. Rd2 Ne5 23. Nxe5 Qxe5 24. Rfd1 Qh5 25. Rxd5 Rxd5 26. Qxd5 Qxd5 27. Rxd5 Rc1+ 28. Kh2 Rc2 1/2-1/2

[Event "European Womens-ch 2025"]
[Site "Rhodes"]
[Date "2025.04.01"]
[Round "2.50"]
[White "Terbe, Zsuzsanna"]
[Black "Valkova, Angelika"]
[Result "1/2-1/2"]
[Annotator "RC"]
[ECO "D31"]
[WhiteElo "2179"]
[BlackElo "2001"]
[PlyCount "69"]
[EventDate "2025.03.29"]
[EventType "swiss"]
[EventCountry "GRE"]
[SourceTitle "playchess.com"]
[Source "ChessBase"]
[SourceQuality "1"]
[TimeControl "40/5400+30:1800+30"]

1. d4 d5 2. c4 e6 3. Nc3 h6 4. cxd5 exd5 5. Bf4 c6 6. e3 Bf5 7. g4 Bh7 8. h4 Bd6 9. Nh3 Ne7 10. h5 Nc8 11. Bd3 Qb6 12. O-O Bxd3 13. Qxd3 Qxb2 14. Bxd6 Nxd6 15. Nxd5 Nb5 16. Qe4+ Kd8 17. Qe7+ Kc8 18. Rab1 Qe2 19. f3 cxd5 20. Nf4 Nc6 21. Nxe2 Nxe7 22. Rxb5 b6 23. Nf4 Rd8 24. Kf2 Kb7 25. Ke2 Rac8 26. Kd2 Rc4 27. Rfb1 Rd6 28. R1b2 Rf6 29. Ke2 Rd6 30. Nd3 a6 31. R5b3 Rc7 32. Ne5 f5 33. Nd3 fxg4 34. fxg4 Ng8 35. Ne5 1/2-1/2

[Event "European Womens-ch 2025"]
[Site "Rhodes"]
[Date "2025.04.01"]
[Round "2.51"]
[White "Pavlidou, Ekaterini"]
[Black "Kiousi, Panagiota"]
[Result "1/2-1/2"]
[Annotator "RC"]
[ECO "E24"]
[WhiteElo "2160"]
[BlackElo "1998"]
[PlyCount "91"]
[EventDate "2025.03.29"]
[EventType "swiss"]
[EventCountry "GRE"]
[SourceTitle "playchess.com"]
[Source "ChessBase"]
[SourceQuality "1"]
[TimeControl "40/5400+30:1800+30"]

1. d4 Nf6 2. c4 e6 3. Nc3 Bb4 4. a3 Bxc3+ 5. bxc3 b6 6. f3 Nc6 7. e4 Ba6 8. Bd3 Na5 9. Ne2 Bxc4 10. Bg5 h6 11. Bh4 g5 12. Bf2 d5 13. O-O Qd7 14. Ng3 O-O-O 15. Rb1 h5 16. exd5 Nxd5 17. Bxc4 Nxc4 18. Qd3 Qc6 19. Ne4 Nf4 20. Qd1 g4 21. Re1 f5 22. Ng5 Rdg8 23. Nxe6 Nxe6 24. d5 Qd7 25. dxe6 Qxd1 26. Rbxd1 gxf3 27. g3 h4 28. Rd3 hxg3 29. hxg3 Nd6 30. Rxf3 Rh3 31. Kg2 Rgh8 32. Bg1 R3h6 33. c4 Re8 34. c5 bxc5 35. Bxc5 Rexe6 36. Rxe6 Rxe6 37. Bxd6 cxd6 38. Rxf5 Kc7 39. Rf7+ Kb6 40. Kf3 d5 41. Rd7 Kc5 42. Rxa7 d4 43. g4 d3 44. Rd7 Kc4 45. Kf4 Kc3 46. Rc7+ 1/2-1/2

[Event "European Womens-ch 2025"]
[Site "Rhodes"]
[Date "2025.04.01"]
[Round "2.52"]
[White "Eric, Jovana"]
[Black "Krkyasharyan, Sona"]
[Result "1/2-1/2"]
[Annotator "RC"]
[ECO "B90"]
[WhiteElo "2147"]
[BlackElo "1989"]
[PlyCount "79"]
[EventDate "2025.03.29"]
[EventType "swiss"]
[EventCountry "GRE"]
[SourceTitle "playchess.com"]
[Source "ChessBase"]
[SourceQuality "1"]
[TimeControl "40/5400+30:1800+30"]

1. e4 c5 2. Nf3 d6 3. d4 cxd4 4. Nxd4 Nf6 5. Nc3 a6 6. h3 e5 7. Nf3 Be7 8. Be3 b5 9. a4 b4 10. Nd5 Nbd7 11. c4 bxc3 12. Nxc3 Bb7 13. Bd3 d5 14. exd5 Nxd5 15. Nxd5 Bxd5 16. O-O e4 17. Bc2 Nf6 18. Nd4 O-O 19. Nf5 Bc4 20. Qxd8 Bxd8 21. Rfd1 Bc7 22. Bc5 Rfe8 23. Bd6 Be6 24. Ng3 Bxd6 25. Rxd6 a5 26. Nxe4 Rab8 27. Rd2 Nxe4 28. Bxe4 Bxh3 29. Bc6 Rec8 30. Rad1 g6 31. Bb5 Be6 32. Rd6 Bc4 33. Bxc4 Rxc4 34. Rd8+ Rxd8 35. Rxd8+ Kg7 36. b3 Rb4 37. Rd3 h5 38. f3 h4 39. Kf2 Kh6 40. Ke3 1/2-1/2

[Event "European Womens-ch 2025"]
[Site "Rhodes"]
[Date "2025.04.01"]
[Round "2.53"]
[White "Zaksaite, Salomeja"]
[Black "Golsta, Ramona"]
[Result "0-1"]
[Annotator "RC"]
[ECO "B51"]
[WhiteElo "2137"]
[BlackElo "1943"]
[PlyCount "74"]
[EventDate "2025.03.29"]
[EventType "swiss"]
[EventCountry "GRE"]
[SourceTitle "playchess.com"]
[Source "ChessBase"]
[SourceQuality "1"]
[TimeControl "40/5400+30:1800+30"]

1. e4 c5 2. Nf3 Nc6 3. Bb5 d6 4. O-O Bd7 5. Re1 a6 6. Bf1 Bg4 7. c3 Nf6 8. h3 Bxf3 9. Qxf3 g6 10. d3 Bg7 11. Bf4 Nd7 12. Nd2 O-O 13. Nc4 b5 14. Ne3 b4 15. Rec1 a5 16. a4 Rb8 17. Nd5 Nb6 18. Qe3 Re8 19. Bg5 Qd7 20. Qd2 Nxd5 21. exd5 Na7 22. d4 bxc3 23. bxc3 cxd4 24. cxd4 Rb4 25. Rc4 Reb8 26. Rac1 R8b7 27. Qc3 Qxa4 28. Rc8+ Nxc8 29. Qxc8+ Bf8 30. Bh6 Rb8 31. Bxf8 Rxc8 32. Rxc8 Qd7 33. Ra8 h5 34. Bxe7+ Kg7 35. Bf8+ Kh7 36. Ra6 Rb1 37. Rc6 Qe8 0-1

[Event "European Womens-ch 2025"]
[Site "Rhodes"]
[Date "2025.04.01"]
[Round "2.54"]
[White "Alexandri, Dimitra"]
[Black "Ciolacu, Alessia-Mihaela"]
[Result "1/2-1/2"]
[Annotator "RC"]
[ECO "D35"]
[WhiteElo "1995"]
[BlackElo "2136"]
[PlyCount "63"]
[EventDate "2025.03.29"]
[EventType "swiss"]
[EventCountry "GRE"]
[SourceTitle "playchess.com"]
[Source "ChessBase"]
[SourceQuality "1"]
[TimeControl "40/5400+30:1800+30"]

1. d4 Nf6 2. c4 e6 3. Nc3 d5 4. cxd5 exd5 5. Bg5 Bb4 6. Qa4+ Nc6 7. e3 h6 8. Bxf6 Qxf6 9. Qb3 Bxc3+ 10. bxc3 Qd6 11. Bd3 O-O 12. Ne2 Ne7 13. Qb1 c5 14. O-O Rb8 15. a4 b6 16. Ra2 a6 17. Rb2 Re8 18. dxc5 Qxc5 19. Rc1 Qa5 20. c4 dxc4 21. Bxc4 Bd7 22. Qa2 Rf8 23. Ra1 Nf5 24. Rd2 Bc6 25. Nd4 Bb7 26. Nxf5 Qxf5 27. Bd5 b5 28. e4 Qf6 29. axb5 axb5 30. Rb1 b4 31. Qb2 Qxb2 32. Rdxb2 1/2-1/2

[Event "European Womens-ch 2025"]
[Site "Rhodes"]
[Date "2025.04.01"]
[Round "2.55"]
[White "Karadas, Hena"]
[Black "Cornileau, Juliette"]
[Result "0-1"]
[Annotator "RC"]
[ECO "C28"]
[WhiteElo "1931"]
[BlackElo "2130"]
[PlyCount "64"]
[EventDate "2025.03.29"]
[EventType "swiss"]
[EventCountry "GRE"]
[SourceTitle "playchess.com"]
[Source "ChessBase"]
[SourceQuality "1"]
[TimeControl "40/5400+30:1800+30"]

1. e4 e5 2. Nc3 Nc6 3. Bc4 Nf6 4. d3 Bc5 5. h3 h6 6. Nge2 Na5 7. O-O d6 8. a3 Nxc4 9. dxc4 a5 10. Qd3 Be6 11. b3 g5 12. Bb2 g4 13. h4 g3 14. Qxg3 Rg8 15. Qf3 Bg4 16. Qd3 Nh5 17. b4 Bd4 18. Nxd4 exd4 19. Nd5 c6 20. Qxd4 cxd5 21. exd5 Kd7 22. Rfe1 Bf3 23. g3 axb4 24. c5 bxa3 25. Bxa3 Qf6 26. Qd3 Nxg3 27. Qb5+ Kd8 28. Qb6+ Kc8 29. fxg3 Rxg3+ 30. Kf2 Be4+ 31. Ke2 Qf3+ 32. Kd2 Qc3+ 0-1

[Event "European Womens-ch 2025"]
[Site "Rhodes"]
[Date "2025.04.01"]
[Round "2.56"]
[White "Dicen, Elis Denele"]
[Black "Alexandri, Vasiliki"]
[Result "1/2-1/2"]
[Annotator "RC"]
[ECO "A62"]
[WhiteElo "2129"]
[BlackElo "1927"]
[PlyCount "78"]
[EventDate "2025.03.29"]
[EventType "swiss"]
[EventCountry "GRE"]
[SourceTitle "playchess.com"]
[Source "ChessBase"]
[SourceQuality "1"]
[TimeControl "40/5400+30:1800+30"]

1. d4 Nf6 2. c4 e6 3. g3 c5 4. d5 d6 5. Nc3 exd5 6. cxd5 g6 7. Bg2 Bg7 8. Nf3 O-O 9. O-O Re8 10. Nd2 a6 11. a4 Ng4 12. e4 Ne5 13. Qc2 Nbd7 14. f4 Ng4 15. Nc4 Nb6 16. Nxb6 Qxb6 17. h3 c4+ 18. Kh1 Ne3 19. Qf2 Bd4 20. Bxe3 Bxe3 21. Qe2 Bd7 22. f5 Rac8 23. Rae1 Bh6 24. Qf3 Re7 25. Re2 Qd4 26. e5 Bxf5 27. exd6 Rxe2 28. Nxe2 Qd3 29. Qf2 Rf8 30. Nf4 Qc2 31. Qb6 Qxa4 32. Qxb7 Qb5 33. Qe7 Re8 34. Qc7 Rc8 35. Qe7 Bf8 36. Qf6 Bg7 37. Qe7 Re8 38. Qc7 Rc8 39. Qe7 Re8 1/2-1/2

[Event "European Womens-ch 2025"]
[Site "Rhodes"]
[Date "2025.04.01"]
[Round "2.57"]
[White "Nenova, Andzhelika"]
[Black "Nadzamova, Viktoria"]
[Result "1-0"]
[Annotator "RC"]
[ECO "B32"]
[WhiteElo "1903"]
[BlackElo "2122"]
[PlyCount "93"]
[EventDate "2025.03.29"]
[EventType "swiss"]
[EventCountry "GRE"]
[SourceTitle "playchess.com"]
[Source "ChessBase"]
[SourceQuality "1"]
[TimeControl "40/5400+30:1800+30"]

1. e4 c5 2. Nf3 Nc6 3. Nc3 d6 4. d4 cxd4 5. Nxd4 e5 6. Ndb5 a6 7. Na3 b5 8. Nd5 Nge7 9. Bg5 h6 10. Qh5 Be6 11. O-O-O Bxd5 12. exd5 Na5 13. Nxb5 Qd7 14. Bxe7 Bxe7 15. Nc3 O-O 16. h4 Rfc8 17. Bd3 Qb7 18. Ne4 Rab8 19. b3 Qb4 20. Rh3 Qa3+ 21. Kd2 Qxa2 22. Rg3 Kf8 23. Rf3 Ke8 24. Qxf7+ Kd8 25. Ke1 Nb7 26. Qg8+ Kd7 27. Qe6+ Kd8 28. Rf7 Qa5+ 29. Kf1 Qc7 30. Rxg7 Qd7 31. Qxd7+ Kxd7 32. Nf6+ Kd8 33. Ng8 Bxh4 34. Nxh6 Bf6 35. Rf7 Bg5 36. Rh7 Bxh6 37. Rxh6 Ke7 38. Rh7+ Kf6 39. Rxb7 Rxb7 40. Bxa6 Rbc7 41. Bxc8 Rxc8 42. c4 e4 43. Ke2 Ke5 44. Ke3 Rg8 45. Rd4 Rxg2 46. Rxe4+ Kf5 47. Re6 1-0